 Dungeon Crawl Stone Soup version 0.30-a0-1085-g990a428a5c (webtiles) character file.

Game seed: 12981909420494894202

2 themarg the Caller (level 1, 0/13 HPs)
             Began as a Merfolk Summoner on Apr 16, 2023.
             Slain by a kobold
             ... wielding a +0 dagger
              (4 damage)
             ... on level 1 of the Dungeon.
             The game lasted 00:00:39 (161 turns).

themarg the Caller (Merfolk Summoner)                Turns: 161, Time: 00:00:39

Health: 0/13       AC:  2    Str:  8    XL:     1   Next: 30%
Magic:  0/3        EV: 12    Int: 14    God:
Gold:   46         SH:  0    Dex: 14    Spells: 3/4 levels left

rFire   . . .      SeeInvis .    (no weapon)
rCold   . . .      Faith    .    (no shield)
rNeg    . . .      Spirit   .    a - +0 robe
rPois   .          Reflect  .    (no helmet)
rElec   .          Rampage  .    (no cloak)
rCorr   .                        (no gloves)
Will    .....                    (no boots)
Stlth   ++                       (no amulet)
HPRegen 0.22/turn                (no ring)
MPRegen 0.08/turn                (no ring)

@: no status effects
A: (nimble swimmer 2), mertail
a: no special abilities


You were on level 1 of the Dungeon.
You visited 1 branch of the dungeon, and saw 1 of its levels.

You collected 46 gold pieces.

Inventory:

Missiles
 f - 4 stones
Armour
 a - a +0 robe (worn)
Scrolls
 c - 2 scrolls of identify {unknown}
Potions
 b - a potion of magic
 d - a potion of haste {unknown}
 e - a potion of attraction {unknown}


   Skills:
 - Level 2.6 Dodging
 + Level 2.3 Stealth
 - Level 2.0 Spellcasting
 + Level 4.0 Summonings


You had 3 spell levels left.
You knew the following spells:

 Your Spells              Type           Power      Damage    Failure   Level
a - Summon Small Mammal   Summ           48%        N/A       4%          1

Your spell library contained the following spells:

 Spells                   Type           Power      Damage    Failure   Level
 Call Imp                 Summ           24%        N/A       7%          2
 Call Canine Familiar     Summ           12%        N/A       14%         3
 Summon Guardian Golem    Hex/Summ       7%         N/A       30%         3
 Summon Lightning Spire   Summ/Air       7%         N/A       71%         4


Dungeon Overview and Level Annotations

Branches:
Dungeon (1/15)

Altars:


Innate Abilities, Weirdness & Mutations

((You are very nimble when in or above water. (Stealth+, EV+, Speed+++)))
Your lower body shifts to a powerful aquatic tail in water.


Message History

Your bat dies!
Your bat's corpse disappears in a puff of smoke!
Your bat barely misses the kobold.
The kobold hits your bat with a +0 dagger.
Your bat dies!
Your bat's corpse disappears in a puff of smoke!
The kobold shouts!
You hear a shout!
You barely miss the kobold.
The kobold is severely wounded.
Your bat barely misses the kobold.
The kobold barely misses you.
You closely miss the kobold.
The kobold is severely wounded.
Your bat barely misses the kobold.
The kobold hits you but does no damage.
A hobgoblin comes into view.
You closely miss the kobold.
The kobold is severely wounded.
Your bat hits the kobold but does no damage.
The kobold hits your bat with a +0 dagger.
You hit the kobold but do no damage.
The kobold is severely wounded.
Your bat barely misses the kobold.
The kobold hits you but does no damage.
Your bat hits the hobgoblin but does no damage.
You barely miss the kobold.
The kobold is severely wounded.
Your bat hits the kobold but does no damage.
The kobold hits you with a +0 dagger.
You hit the kobold but do no damage.
The kobold is severely wounded.
Your bat hits the kobold but does no damage.
The kobold hits you with a +0 dagger.
Your bat barely misses the kobold.
Your bat misses the kobold.
Your bat barely misses the hobgoblin.
The kobold hits you with a +0 dagger.
Your bat hits the kobold. The hobgoblin hits your bat.
Your bat dies!
Your bat's corpse disappears in a puff of smoke!
You barely miss the kobold.
The kobold is severely wounded.
The kobold hits you with a +0 dagger.
You die...

.#⌠.....#..#
.#.##...#..#
.#.#....#..#
.#......#..#######
.#......#........#
.#.....##..#####.#
......#.#..# #.#
.....#..#..# #.#
.########).# #@#
.#.........# #rK§#
................g...
.#.#####.######...###
>.#. #. ##.## .# P#
#.# .. ..# .. ###


You could see a hobgoblin, a kobold (ally target) and a friendly rat (summoned).

Vanquished Creatures (collateral kills)
  A kobold (D:1)
  2 rats (D:1)
3 creatures vanquished.

Vanquished Creatures (others)
  A fungus (D:1)
1 creature vanquished.

Grand Total: 4 creatures vanquished

Notes
Turn   | Place    | Note
-------+----------+-------------------------------------------
     0 | D:1      | themarg the Merfolk Summoner began the quest for the Orb.
     0 | D:1      | Reached XP level 1. HP: 13/13 MP: 3/3
   161 | D:1      | Slain by a kobold

Illustrated notes

Levels and vault maps discovered:
D:1:      matt_arrival_grand_opening, layout_loops_ring,
          shapermc_ecumenical_altar_gd

Action                     || total
---------------------------++-------
  Melee: Unarmed           ||     8
   Cast: Summon Small Mamm ||     9
 Armour: Robe              ||     3
  Dodge: Dodged            ||     1

Table legend: (Time is in decaauts)
 A = Elapsed time spent in this place.
 B = Non-inter-level travel time spent in this place.
 C = Inter-level travel time spent in this place.
 D = Time resting spent in this place.
 E = Time spent auto-exploring this place.
 F = Levels seen in this place.
 G = Mean time per level.
                   A        B        C        D        E       F      G
               +--------+--------+--------+--------+--------+-----+--------+
         Total |    161 |    161 |      0 |      0 |    120 |   1 |  161.0 |
       Dungeon |    161 |    161 |      0 |      0 |    120 |   1 |  161.0 |
               +--------+--------+--------+--------+--------+-----+--------+

Top non-repeatable levels by time:
     D:1: 161 daAuts
